 Dungeon Crawl Stone Soup version 0.23.1-37-gaa34b87b72 (webtiles) character file.

Game seed: 1443552703042734838

8766 GGGomer the Protected (level 11, -2/102 HPs)
             Began as a Minotaur Fighter on Mar 21, 2019.
             Was a Follower of Trog.
             Slain by a nine-headed hydra (9 damage)
             ... on level 8 of the Dungeon.
             The game lasted 00:46:18 (11763 turns).

GGGomer the Protected (Minotaur Fighter)           Turns: 11763, Time: 00:46:19

Health: -2/102     AC: 19    Str: 24    XL:     11   Next: 14%
Magic:  0/10       EV: 11    Int:  5    God:    Trog [*.....]
Gold:   372        SH:  0    Dex: 10    Spells: 10/10 levels left

rFire    . . .     SeeInvis .   A - +0 longbow
rCold    . . .     Gourm    .   (shield currently unavailable)
rNeg     . . .     Faith    .   g - +1 chain mail
rPois    +         Spirit   +   (helmet restricted)
rElec    +         Reflect  .   O - +0 cloak
rCorr    .         Harm     .   (no gloves)
MR       .....                  (no boots)
Stlth    ..........             w - amulet of the Queen {Spirit rElec rPois}
HPRegen  0.27/turn              C - +3 ring of protection
MPRegen  0.12/turn              D - +2 ring of protection

@: no status effects
A: retaliatory headbutt, horns 2
a: Berserk, Renounce Religion


You were on level 8 of the Dungeon.
You worshipped Trog.
Trog was aware of your devotion.
You were not hungry.

You visited 3 branches of the dungeon, and saw 11 of its levels.

You collected 713 gold pieces.
You spent 341 gold pieces at shops.

Inventory:

Hand Weapons
 a - a +1 war axe of freezing
 s - a +0 dagger
 A - a +0 longbow (weapon)
 K - a +2 shortbow of velocity
Missiles
 b - 5 javelins of penetration
 c - 43 bolts
 n - 93 arrows (quivered)
 B - a throwing net
Armour
 e - a +0 shield
 g - a +1 chain mail (worn)
 O - a +0 cloak (worn)
Jewellery
 w - the amulet of the Queen (around neck) {Spirit rElec rPois}
   (You found it on level 8 of the Dungeon)

   [amulet of guardian spirit]

   It causes incoming damage to be split between your health and magic.
   It insulates you from electricity.
   It protects you from poison.
 C - a +3 ring of protection (left hand)
 D - a +2 ring of protection (right hand)
 H - an uncursed amulet of faith
 M - an uncursed ring of fire
 S - a +5 ring of dexterity
 Y - an uncursed ring of ice
Wands
 E - a wand of flame (23)
 I - a wand of paralysis (4)
 R - a wand of iceblast (6)
 W - a wand of polymorph (8)
Scrolls
 h - 2 scrolls of teleportation
 i - 6 scrolls of remove curse
 o - 2 scrolls of noise
 q - 2 scrolls of magic mapping
 F - a scroll of fog
 Q - a scroll of enchant armour
 T - a scroll of fear
Potions
 d - 2 potions of might
 k - 3 potions of curing
 l - a potion of mutation
 p - a potion of brilliance
 r - a potion of invisibility
 u - 2 potions of degeneration {unknown}
 v - 3 potions of ambrosia {unknown}
 x - a potion of magic {unknown}
 z - 4 potions of agility {unknown}
 G - a potion of haste {unknown}
 U - a potion of berserk rage {unknown}
 X - a potion of lignification {unknown}
Comestibles
 f - 14 rations


   Skills:
 * Level 11.0 Fighting
 * Level 10.7 Axes
 * Level 11.0 Armour
 + Level 6.4 Dodging
 + Level 8.1 Shields


You had 10 spell levels left.
You didn't know any spells.
Your spell library contained the following spells:

 Spells                   Type           Power        Failure   Level  Hunger
 Corpse Rot               Necr           N/A          99%         2    ###....
 Stone Arrow              Conj/Erth      #.....       100%        3    ####...
 Leda's Liquefaction      Hex/Erth       #.........   100%        4    #####..
 Summon Forest            Summ/Tloc      #.........   100%        5    ######.
 Hydra Form               Tmut           #.........   100%        6    #######
 Summon Hydra             Summ           #.........   100%        7    #######


Dungeon Overview and Level Annotations

Branches:
Dungeon (8/15)             Temple (1/1) D:6            Lair (2/6) D:8
  Swamp: Lair:2-4    Shoals: Lair:2-4     Snake: Lair:2-4    Spider: Lair:2-4

Altars:
Ashenzari
Cheibriados
Dithmenos
Elyvilon
Fedhas
Gozag
Hepliaklqana
Kikubaaqudgha
Makhleb
Nemelex Xobeh
Okawaru
Qazlal
Ru
Sif Muna
Trog
Uskayaw
Vehumet
Wu Jian
Xom
Yredelemnul
Zin
The Shining One

Shops:
D:5 [=

Annotations:
D:8 1 runed translucent door


Innate Abilities, Weirdness & Mutations

You reflexively headbutt those who attack you in melee.
You have a pair of horns on your head.


Message History

The nine-headed hydra bites you but does no damage.
The nine-headed hydra bites you. The nine-headed hydra bites you!
The nine-headed hydra closely misses you.
The nine-headed hydra barely misses you. x2
The nine-headed hydra bites you!
* * * LOW HITPOINT WARNING * * *
The nine-headed hydra barely misses you.
The nine-headed hydra bites you.
* * * LOW HITPOINT WARNING * * *
The nine-headed hydra completely misses you.
You furiously retaliate!
You headbutt the nine-headed hydra, but do no damage.
The nine-headed hydra barely misses you. x2
The nine-headed hydra bites you but does no damage.
The nine-headed hydra bites you.
* * * LOW HITPOINT WARNING * * *
The nine-headed hydra bites you!
* * * LOW HITPOINT WARNING * * *
The nine-headed hydra bites you!
You die...

.<#.#########
#####.....
#.#.........#
##########
#.#########.#
#.........
#.#########.#
#.#######.
#.........#.# #.#
##. #########.#.#
#.# ##..
#.#.############.#
#..#
#.#..............#
#.##
#.######@#########
##.#> #.# #.D#
#..## #.# ##>#
#...# #.# ###
#.#.. #.# #....
#.# ###.# #.# #.#
#.# #.# #.# #.#


You could see a nine-headed hydra.

Vanquished Creatures
  A hydra (Lair:2)
  Fannar (Lair:1)
  2 spiny frogs (Lair:1)
  A rime drake (Lair:1)
  4 blink frogs (Lair:1)
  4 hippogriffs
  A spriggan (D:7)
  4 yaks (Lair:2)
  3 hungry ghosts
  3 porcupines
  2 water moccasins
  A black bear (D:7)
  A sky beast (D:5)
  A necrophage (D:8)
  4 wolves (Lair:2)
  2 ogres
  3 centaurs
  A crocodile (Lair:1)
  A big kobold (D:8)
  9 bullfrogs
  A wyvern zombie (D:6)
  A scorpion (D:4)
  5 wights
  3 killer bees (D:8)
  An electric eel (D:7)
  4 howler monkeys
  2 crimson imps
  2 bullfrog zombies
  3 hounds
  A jelly (D:7)
  2 orc priests (D:4)
  4 bullfrog skeletons
  2 centaur skeletons (D:4)
  2 iguanas
  5 worker ants
  6 orc wizards
  2 hound zombies
  A hound skeleton (D:5)
  A howler monkey skeleton (D:7)
  A worker ant zombie (D:6)
  3 gnolls (D:3)
  7 adders
  3 shadow imps
  An adder skeleton (D:4)
  2 worms
  A dart slug (D:1)
  5 leopard geckos
  14 orcs
  5 giant cockroaches
  3 goblins
  5 hobgoblins
  13 jackals
  4 quokkas
  6 bats
  5 frilled lizards
  10 kobolds
  2 quokka skeletons
  4 rats
  2 fungi
193 creatures vanquished.

Vanquished Creatures (others)
  8 fungi
  2 plants
10 creatures vanquished.

Grand Total: 203 creatures vanquished

Notes
Turn   | Place    | Note
-------+----------+-------------------------------------------
     0 | D:1      | GGGomer the Minotaur Fighter began the quest for the Orb.
     0 | D:1      | Reached XP level 1. HP: 19/19 MP: 0/0
   173 | D:1      | Reached XP level 2. HP: 21/27 MP: 1/1
   182 | D:1      | Found a radiant altar of Vehumet.
   940 | D:2      | Reached XP level 3. HP: 23/33 MP: 2/2
  1687 | D:3      | Reached skill level 1 in Dodging
  1694 | D:3      | Reached XP level 4. HP: 18/41 MP: 3/3
  2963 | D:4      | Reached XP level 5. HP: 39/47 MP: 4/4
  3041 | D:4      | Reached skill level 5 in Armour
  3063 | D:4      | Noticed an ogre
  3073 | D:4      | Killed an ogre
  3073 | D:4      | Reached skill level 5 in Fighting
  3073 | D:4      | Reached XP level 6. HP: 22/56 MP: 5/5
  3968 | D:5      | Entered Level 5 of the Dungeon
  4004 | D:5      | Found Offo's Armour Boutique.
  4154 | D:5      | Found Sorog's Jewellery Boutique.
  4162 | D:5      | Reached skill level 5 in Axes
  4162 | D:5      | Reached XP level 7. HP: 61/62 MP: 6/6
  4359 | D:5      | You fall through a shaft for 2 floors!
  4399 | D:5      | Bought a +3 ring of protection for 231 gold pieces
  4399 | D:5      | Bought a +2 ring of protection for 110 gold pieces
  4578 | D:5      | Found a shattered altar of Ashenzari.
  4593 | D:5      | Reached skill level 5 in Shields
  5064 | D:6      | Found a staircase to the Ecumenical Temple.
  5124 | Temple   | Entered the Ecumenical Temple
  5405 | Temple   | Became a worshipper of Trog the Wrathful
  5629 | D:6      | Reached XP level 8. HP: 71/71 MP: 7/7
  6251 | D:7      | Found a shadowy altar of Dithmenos.
  6251 | D:7      | Found a basalt altar of Yredelemnul.
  6251 | D:7      | Found a glowing silver altar of Zin.
  6251 | D:7      | Found an ancient bone altar of Kikubaaqudgha.
  6263 | D:7      | Found an iron altar of Okawaru.
  6263 | D:7      | Found an opulent altar of Gozag.
  6709 | D:7      | Reached * piety under Trog
  6709 | D:7      | Reached XP level 9. HP: 76/81 MP: 8/8
  7205 | D:7      | Found an ornate altar of the Wu Jian Council.
  7597 | D:8      | Got a warped silver amulet
  7604 | D:8      | Identified the amulet of the Queen {Spirit rElec rPois}
                  | (You found it on level 8 of the Dungeon)
  8050 | D:8      | Reached skill level 5 in Dodging
  8184 | D:8      | Found a glowing golden altar of the Shining One.
  8184 | D:8      | Noticed an angel
  8185 | D:8      | Found a runed translucent door.
  8232 | D:8      | Found a staircase to the Lair.
  8450 | Lair:1   | Entered Level 1 of the Lair of Beasts
  8630 | Lair:1   | Reached XP level 10. HP: 91/91 MP: 9/9
  8636 | Lair:1   | Noticed a spiny frog
  8642 | Lair:1   | Killed a spiny frog
  9005 | Lair:1   | Noticed a seven-headed hydra
  9282 | Lair:1   | Noticed a spiny frog
  9283 | Lair:1   | Noticed a six-headed hydra
  9500 | Lair:2   | Found a hazy altar of Hepliaklqana.
  9502 | Lair:2   | Noticed a four-headed hydra
  9603 | Lair:2   | Reached skill level 10 in Armour
  9651 | Lair:2   | Reached skill level 10 in Fighting
  9847 | Lair:2   | Reached skill level 10 in Axes
 10025 | Lair:2   | Noticed a six-headed hydra
 10090 | Lair:1   | Killed a spiny frog
 10090 | Lair:1   | Reached ** piety under Trog
 10568 | Lair:1   | Noticed Fannar
 10594 | Lair:1   | Killed Fannar
 10594 | Lair:1   | Reached XP level 11. HP: 101/101 MP: 10/10
 10972 | Lair:2   | Killed a six-headed hydra
 11763 | D:8      | Slain by a nine-headed hydra

Skill      XL: |  1  2  3  4  5  6  7  8  9 10 11 |
---------------+----------------------------------+-----
Armour         | 4 5 6 8 9 10 11 | 11.0
Fighting       | 4 5 6 8 9 10 11 | 11.0
Axes           | 3 4 5 6 7 9 10 | 10.7
Dodging        | 1 2 3 4 5 6 |  6.4
Shields        | 4 5 6 7 8 |  8.1

Action                   |  1- 3 |  4- 6 |  7- 9 | 10-12 || total
-------------------------+-------+-------+-------+-------++-------
Melee: War axe           |    65 |   118 |   337 |   157 ||   677
       Headbutt          |     8 |    23 |    69 |    37 ||   137
       Dagger            |       |       |       |    22 ||    22
 Fire: Longbow           |       |       |       |     2 ||     2
Throw: Javelin           |       |       |     6 |     4 ||    10
  Use: Scroll            |       |    11 |     7 |     9 ||    27
       Potion            |       |       |       |     4 ||     4
  Eat: Chunk             |     2 |     5 |     4 |       ||    11
       Ration            |       |     1 |     7 |     3 ||    11
Armor: Scale mail        |    12 |       |       |       ||    12
       Chain mail        |    22 |    87 |   186 |   189 ||   484
Dodge: Dodged            |    18 |    26 |   106 |   150 ||   300
Block: Shield            |    32 |    67 |   178 |   193 ||   470
